 Dungeon Crawl Stone Soup version 0.18.1-48-g4cf74bf (webtiles) character file.

102 Peloso the Covered (level 4, -4/41 HPs)
             Began as a Minotaur Fighter on July 17, 2016.
             Slain by a gnoll
             ... wielding a +0 whip
              (7 damage)
             ... on level 2 of the Dungeon.
             The game lasted 00:05:06 (1090 turns).

Peloso the Covered (Minotaur Fighter)               Turns: 1090, Time: 00:05:07

Health: -4/41      AC:  7    Str: 21    XL:     4   Next: 49%
Magic:  3/3        EV:  7    Int:  5    God:
Gold:   52         SH:  9    Dex: 10    Spells: 0 memorised, 3 levels left

rFire  . . .     SeeInvis .     a - +0 long sword
rCold  . . .     Gourm    .     b - +0 scale mail
rNeg   . . .     Faith    .     c - +0 shield
rPois  .         Spirit   .     (helmet restricted)
rElec  .         Dismiss  .     (no cloak)
rCorr  .         Reflect  .     (no gloves)
SustAt .         Harm     .     (no boots)
MR     .....                    (no amulet)
Stlth  ..........               (no ring)
                                (no ring)

@: not resistant to hostile enchantments, extremely unstealthy
A: retaliatory headbutt, horns 2
a: no special abilities


You were on level 2 of the Dungeon.
You were not hungry.

You visited 1 branch of the dungeon, and saw 2 of its levels.

You collected 52 gold pieces.

Inventory:

Hand Weapons
 a - a +0 long sword (weapon)
Armour
 b - a +0 scale mail (worn)
 c - a +0 shield (worn)
Scrolls
 e - 5 scrolls of remove curse {unknown}
 h - 2 scrolls of identify {unknown}
 j - a scroll of recharging {unknown}
 k - a scroll of enchant armour {unknown}
 l - a scroll of random uselessness {unknown}
 p - a scroll of blinking {unknown}
 q - a scroll of amnesia {unknown}
Potions
 d - 2 potions of might
 g - 2 potions of cure mutation {unknown}
 m - a potion of mutation {unknown}
 o - a potion of resistance {unknown}
Comestibles
 f - 2 bread rations
 i - 3 fruits


   Skills:
 + Level 4.5 Fighting
 + Level 3.2 Long Blades
 + Level 4.6 Armour
 + Level 0.4 Dodging
 + Level 4.3 Shields


You had 3 spell levels left.
You didn't know any spells.

Dungeon Overview and Level Annotations

Branches:
Dungeon (2/15)

Altars:


Innate Abilities, Weirdness & Mutations

You reflexively headbutt those who attack you in melee.
You have a pair of horns on your head.


Message History

* * * LOW HITPOINT WARNING * * *
You block the gnoll's attack.
Unknown command.
You slash the gnoll!
You kill the gnoll!
The gnoll hits you but does no damage. The gnoll hits you with a whip.
* * * LOW HITPOINT WARNING * * *
You see here a spear.
Your shield and scale mail prevent you from hitting the gnoll.
Your headbutt misses the gnoll.
The gnoll is moderately wounded.
The gnoll hits you with a whip.
* * * LOW HITPOINT WARNING * * *
The gnoll hits you with a whip.
* * * LOW HITPOINT WARNING * * *
You hit the gnoll but do no damage. Your headbutt misses the gnoll.
The gnoll is moderately wounded.
The gnoll hits you with a whip!
You die...

..........# #...........'.
..........# #...........##
..........# ##...........#
..........# #<...........#
..g.......# #.....######.#
..........## #.....######.#
########...###..........#.#
##...g)...........#.#
#...P@P)....(.......#
#.....PPP.♣♣..P.....)...###
#.###..♣.P♣♣........÷...#
#PPP.♣♣♣♣.PP........#
#..♣♣♣ ♣♣P...).....# #..
♣P.##.###### ... P.###.#
##.. P.. #.# .#. #.#


You could see a gnoll.

Vanquished Creatures
  3 gnolls (D:2)
  2 adders (D:2)
  2 worms (D:2)
  4 dart slugs
  2 giant geckos
  5 goblins
  8 hobgoblins
  4 kobolds
  3 bats (D:1)
  3 giant newts (D:1)
  5 rats
41 creatures vanquished.

Notes
Turn   | Place    | Note
--------------------------------------------------------------
     0 | D:1      | Peloso the Minotaur Fighter began the quest for the Orb.
     0 | D:1      | Reached XP level 1. HP: 19/19 MP: 0/0
   109 | D:1      | Reached XP level 2. HP: 27/27 MP: 1/1
   868 | D:2      | Reached XP level 3. HP: 33/33 MP: 2/2
  1070 | D:2      | Reached XP level 4. HP: 35/41 MP: 3/3
  1090 | D:2      | Slain by a gnoll

Skill      XL: |  1  2  3 |
---------------+----------+-----
Armour         | 4 |  4.6
Fighting       | 4 |  4.5
Shields        | 4 |  4.3
Long Blades    | 3 |  3.2
Dodging        | |  0.4

Action                   |  1- 3 |  4- 6 || total
-------------------------+-------+-------++-------
Melee: Long sword        |    70 |    18 ||    88
       Headbutt          |    10 |     3 ||    13
  Eat: Chunk             |     1 |       ||     1
Armor: Scale mail        |    29 |    10 ||    39
Dodge: Dodged            |    19 |     7 ||    26
Block: Shield            |    39 |    19 ||    58
